 Dungeon Crawl Stone Soup version 0.17-a0-1522-g6c5b4ba (webtiles) character file.

37 matakusis the Ducker (level 3, -3/27 HPs)
             Began as a Demonspawn Gladiator on July 14, 2015.
             Was an Initiate of Qazlal.
             Slain by Sigmund
             ... wielding a +0 scythe
              (8 damage)
             ... on level 2 of the Dungeon.
             The game lasted 00:05:12 (1454 turns).

matakusis the Ducker (Demonspawn Gladiator)         Turns: 1454, Time: 00:05:12

Health: -3/27      AC:  4    Str: 16    XL:     3   Next: 21%
Magic:  3/3        EV: 13    Int:  9    God:    Qazlal [......]
Gold:   24         SH:  0    Dex: 13    Spells: 0 memorised, 2 levels left

rFire  . . .     SeeInvis .     a - +0 war axe
rCold  + . .     Clarity  .     b - +0 leather armour
rNeg   . . .     SustAt   .     (no shield)
rPois  .         Gourm    .     c - +0 helmet
rElec  .         Spirit   .     (no cloak)
rCorr  .         Warding  .     (no gloves)
rMut   .         Stasis   .     (no boots)
MR     .....                    (no amulet)
Stlth  +.........               (no ring)
                                (no ring)

@: confused, not resistant to hostile enchantments, very unstealthy
A: cold resistance 1
a: Renounce Religion


You were on level 2 of the Dungeon.
You worshipped Qazlal.
Qazlal was noncommittal.
You were not hungry.

You visited 1 branch of the dungeon, and saw 2 of its levels.

You collected 24 gold pieces.

Inventory:

Hand weapons
 a - a +0 war axe (weapon)
Armour
 b - a +0 leather armour (worn)
 c - a +0 helmet (worn)
Scrolls
 e - a scroll of amnesia {unknown}
 k - a scroll of blinking {unknown}
 m - a scroll of identify {unknown}
Potions
 g - 2 potions of cancellation {unknown}
 h - a potion of ambrosia {unknown}
 i - a potion of heal wounds {unknown}
Books
 l - a book of Death

   Spells                             Type                      Level
   a - Corpse Rot                     Necromancy                   2
   b - Sublimation of Blood           Necromancy                   2
   c - Agony                          Necromancy                   5
   d - Dispel Undead                  Necromancy                   5
   e - Excruciating Wounds            Charms/Necromancy            5
   f - Bolt of Draining               Conjuration/Necromancy       5
Comestibles
 f - a beef jerky
 j - 6 chunks of flesh


   Skills:
 + Level 2.2 Fighting
 + Level 3.1 Axes
 - Level 1.7 Throwing
 + Level 0.3 Armour
 + Level 3.3 Dodging


You had 2 spell levels left.
You didn't know any spells.

Dungeon Overview and Level Annotations

Branches:
Dungeon (2/15)

Altars:
Qazlal
Trog
The Shining One

Annotations:
D:2 Sigmund


Innate Abilities, Weirdness & Mutations

Your flesh is cold resistant.


Message History

Sigmund is severely wounded.
Sigmund mumbles some strange words.
Sigmund flickers and vanishes!
Deactivating autopickup; reactivate with Ctrl-A.
Something wriggles in the net.
All of a sudden the net rips apart!
You hit something but do no damage. You barely miss something.
Something hits you.
You barely miss something.
You hear some strange, mumbled words.
You are confused.
You bump into the rock wall.
Something hits you!!
Ouch! That really hurt!
* * * LOW HITPOINT WARNING * * *
Throwing (i - inventory):
d - a throwing net (quivered)
Press: ? - help, Shift-Dir - straight line, f - you
Okay, then.
Throwing (i - inventory):
d - a throwing net (quivered)
Press: ? - help, Shift-Dir - straight line You throw a throwing net.
Something hits you!
You die...

#.# ###......#####
#.# ####.#
#......<..# #.#
#..... ###.#####.#
#.# #.##.# #. # #.#
#.##.# #. . #.#
#.##.# # #. ## #.#
#.##.#####.###
#.####.##..........
#..........@{...(.<
######.########.###
#.# #.# #.. ###


There were no monsters in sight!

Vanquished Creatures
  A worm (D:2)
  2 ball pythons (D:1)
  3 giant cockroaches (D:1)
  8 kobolds
  4 bats
  A giant gecko (D:1)
  4 giant newts (D:1)
  4 jackals (D:2)
  6 rats
33 creatures vanquished.

Notes
Turn   | Place    | Note
--------------------------------------------------------------
     0 | D:1      | matakusis the Demonspawn Gladiator began the quest for the Orb.
     0 | D:1      | Reached XP level 1. HP: 16/16 MP: 1/1
   304 | D:1      | Reached skill level 3 in Dodging
   429 | D:1      | Gained mutation: Your flesh is cold resistant. [demonic ancestry]
   429 | D:1      | Reached XP level 2. HP: 20/22 MP: 2/2
   929 | D:2      | Found a glowing golden altar of the Shining One.
   930 | D:2      | Found a stormy altar of Qazlal.
   935 | D:2      | Became a worshipper of Qazlal Stormbringer
   959 | D:2      | Found a bloodstained altar of Trog.
  1243 | D:2      | Reached XP level 3. HP: 25/27 MP: 3/3
  1440 | D:2      | Noticed Sigmund
  1454 | D:2      | Slain by Sigmund

Vault maps used:
D:1:      lightli_arrival_isolated_outpost, minmay_hedge_maze
D:2:      nicolae_overflow_hidden_temple, lemuel_doored_altar, bloody_trog,
          elyvilon_altar_3, uniq_sigmund

Action                   || total
-------------------------++-------
Melee: War axe           ||    99
Throw: Throwing net      ||     3
  Eat: Bread ration      ||     1
